 Dungeon Crawl Stone Soup version 0.27.1-3-gb3d3a73c9e (webtiles) character file.

Game seed: 17464305966277956642

52 Sirial the Sneak (level 3, -6/30 HPs)
             Began as a Minotaur Brigand on Oct 19, 2021.
             Mangled by Crazy Yiuf (12 damage)
             ... on level 2 of the Dungeon.
             The game lasted 00:05:02 (1969 turns).

Sirial the Sneak (Minotaur Brigand)                 Turns: 1969, Time: 00:05:03

Health: -6/30      AC:  3    Str: 15    XL:     3   Next: 60%
Magic:  2/2        EV: 12    Int:  9    God:
Gold:   49         SH:  0    Dex: 11    Spells: 2/2 levels left

rFire    . . .     SeeInvis .   f - +1 hand axe (elec)
rCold    . . .     Faith    .   (no shield)
rNeg     . . .     Spirit   .   b - +0 robe
rPois    .         Reflect  .   (helmet restricted)
rElec    .         Harm     .   c - +0 cloak
rCorr    +         Rampage  .   (no gloves)
Will     .....                  (no boots)
Stlth    ++........             i - amulet of the acrobat
HPRegen  0.10/turn              g - ring of resist corrosion
MPRegen  0.08/turn              (no ring)

@: no status effects
A: horns 2, retaliatory headbutt
a: no special abilities


You were on level 2 of the Dungeon.
You visited 1 branch of the dungeon, and saw 2 of its levels.

You collected 49 gold pieces.

Inventory:

Hand Weapons
 a - a +2 dagger
 f - a +1 hand axe of electrocution (weapon)
Missiles
 d - 17 poisoned darts (quivered)
 e - 2 curare-tipped darts
Armour
 b - a +0 robe (worn)
 c - a +0 cloak (worn)
Jewellery
 g - a ring of resist corrosion (left hand)
 i - an amulet of the acrobat (around neck)
Scrolls
 h - a scroll of immolation {unknown}
 j - a scroll of amnesia {unknown}


   Skills:
 + Level 2.7 Fighting
 + Level 2.6 Short Blades
 + Level 1.2 Axes
 + Level 2.2 Throwing
 + Level 1.5 Dodging
 + Level 3.9 Stealth


You had 2 spell levels left.
You didn't know any spells.
Your spell library contained the following spells:

 Spells                   Type           Power      Damage    Failure   Level
 Sting                    Tmut/Pois      0%         1d3       38%         1
 Poisonous Vapours        Pois/Air       0%         N/A       52%         2
 Olgreb's Toxic Radiance  Pois           0%         N/A       99%         4


Dungeon Overview and Level Annotations

Branches:
Dungeon (2/15)

Altars:

Shops:
D:1 (

Annotations:
D:2 Crazy Yiuf


Innate Abilities, Weirdness & Mutations

You have a pair of horns on your head.
You reflexively headbutt those who attack you in melee.


Message History

A kobold comes into view. It is wielding a +0 dagger.
Throw: 17 darts (poison)
Press: ? - help, Q - select action, (/) - cycle Shift-Dir - straight line, f - kobold
Aim: a kobold, wielding a +0 dagger (asleep, 98% to hit)
You throw a poisoned dart. The poisoned dart hits the kobold.
The kobold shouts!
The kobold completely misses you.
You hit the kobold but do no damage. The kobold hits you but does no damage.
You hit the kobold.
You kill the kobold!
Things that are here:
a +0 dagger; a kobold corpse
d - 17 poisoned darts (gained 1)
Things that are here:
a +0 dagger; a kobold corpse You see here 15 stones.
You see here a bat skeleton.
You see here a +0 mace.
You open the door.
There is an open translucent door here.
The helpless Crazy Yiuf fails to defend himself.
You hit Crazy Yiuf.
Crazy Yiuf is moderately wounded.
Crazy Yiuf closely misses you.
You hit Crazy Yiuf. You headbutt Crazy Yiuf.
Crazy Yiuf is almost dead.
Crazy Yiuf hits you with a +4 quarterstaff of chaos!
Crazy Yiuf freezes you.
You closely miss Crazy Yiuf.
Crazy Yiuf is almost dead.
Crazy Yiuf hits you with a +4 quarterstaff of chaos!
* * * LOW HITPOINT WARNING * * *
Throw: 17 darts (poison)
Press: ? - help, Q - select action, (/) - cycle Shift-Dir - straight line, f - Crazy Yiuf
Aim: Crazy Yiuf, wielding a +4 quarterstaff of chaos and wearing a +0 cloak (almost dead, 61% to hit)
Okay, then.
You hit Crazy Yiuf.
Crazy Yiuf is almost dead.
Crazy Yiuf hits you with a +4 quarterstaff of chaos!
You die...

.........# #.#####.............
.>.......# ###.### #....######...
........####.....# #....# #....
.#..####....###### ###### ##....
.#..## #.##.# #..... .....#
#.##.# ♣♣♣♣♣##..... ####.# #.##.#
#####♣♣♣.♣...).<... # #.# #....#
#...#♣..♣.P)...###. # #.###....#
#g@.'.♣♣♣♣PP....... # #..##....#
#)..#♣♣ ♣♣.)..###. ## ##.##.##.#
##### ♣♣##.###. .####.##.##.#
#...#. .##.........# #...##
.##.....[...######## ######...#
...................# ##.##.....#
.##................###...#.....#
........................÷#.....##


You could see Crazy Yiuf.

Vanquished Creatures
  An adder (D:2)
  A dart slug (D:1)
  An endoplasm (D:2)
  A giant cockroach (D:1)
  3 hobgoblins (D:2)
  4 jackals (D:2)
  4 quokkas
  3 ball pythons (D:2)
  6 bats
  4 frilled lizards
  4 goblins (D:1)
  3 kobolds (D:2)
  3 rats (D:2)
38 creatures vanquished.

Notes
Turn   | Place    | Note
-------+----------+-------------------------------------------
     0 | D:1      | Sirial the Minotaur Brigand began the quest for the Orb.
     0 | D:1      | Reached XP level 1. HP: 18/18 MP: 0/0
   263 | D:1      | Found Diechew's Antique Weapon Boutique.
   526 | D:1      | Reached XP level 2. HP: 25/25 MP: 1/1
  1315 | D:2      | Reached XP level 3. HP: 30/30 MP: 2/2
  1348 | D:2      | Reached skill level 1 in Axes
  1561 | D:2      | Found a runed translucent door.
  1562 | D:2      | Noticed Crazy Yiuf
  1969 | D:2      | Mangled by Crazy Yiuf

Illustrated notes

Levels and vault maps discovered:
D:1:      kennysheep_arrival_forest, layout_basic, serial_shops, shop_fountains,
          ebering_dispersal_statue_hall
D:2:      layout_basic, uniq_crazy_yiuf_cottage

Skill      XL: |  1  2  3 |
---------------+----------+-----
Axes           | 1 |  1.2
Fighting       | |  2.7
Short Blades   | |  2.6
Throwing       | |  2.2
Dodging        | |  1.5
Stealth        | |  3.9

Action                   || total
-------------------------++-------
Melee: Hand axe          ||    51
       Dagger            ||     8
       Headbutt          ||     8
Throw: Dart              ||    20
  Use: Scroll            ||     4
       Potion            ||     3
 Stab: Sleeping          ||     4
Armor: Robe              ||     5
Dodge: Dodged            ||    41
